 Dungeon Crawl Stone Soup version 0.29-a0-392-g297d3b089c (webtiles) character file.

Game seed: 1632184213727441303

1908 avis the Basher (level 9, 0/88 HPs)
             Began as an Ogre Warper on May 7, 2022.
             Was an Initiate of Gozag.
             Killed from afar by a gargoyle (22 damage)
             ... with a stone arrow
             ... on level 6 of the Dungeon on May 8, 2022.
             The game lasted 00:39:32 (9022 turns).

avis the Basher (Ogre Warper)                       Turns: 9022, Time: 00:39:33

Health: 0/88       AC:  8    Str: 17    XL:     9   Next: 16%
Magic:  13/13      EV: 10    Int: 18    God:    Gozag
Gold:   523        SH:  0    Dex:  8    Spells: 4/14 levels left

rFire   . . .      SeeInvis .   a - +0 giant spiked club
rCold   . . .      Faith    .   (shield currently unavailable)
rNeg    . . .      Spirit   .   p - +0 robe
rPois   .          Reflect  .   t - +2 hat
rElec   .          Harm     .   r - +2 cloak
rCorr   .          Rampage  .   (gloves unavailable)
Will    .....                   (boots unavailable)
Stlth   +.........              l - amulet of the acrobat
HPRegen 0.24/turn               (no ring)
MPRegen 0.13/turn               (no ring)

@: no status effects
A: large, unfitting armour, tough skin 1
a: Renounce Religion, Potion Petition, Call Merchant, Bribe Branch


You were on level 6 of the Dungeon.
You worshipped Gozag.
Gozag was pleased with you.
You visited 2 branches of the dungeon, and saw 8 of its levels.

You collected 575 gold pieces.
You paid 52 gold pieces to Gozag.

Inventory:

Hand Weapons
 a - a +0 giant spiked club (weapon)
 b - a +0 arbalest
 w - the +7 mace "Newtbane" {vorpal, rPois rCorr Int-5 Stlth+}
   (You found it on level 2 of the Dungeon)

   It inflicts extra damage upon your enemies.
   Int:       It affects your intelligence (-5).
   rPois:     It protects you from poison.
   rCorr:     It protects you from acid and corrosion.
   Stlth:     It makes you more stealthy.
 G - a +4 halberd
Missiles
 d - 7 boomerangs of dispersal
 h - 219 stones
 n - 9 poisoned darts
Armour
 p - a +0 robe (worn)
 r - a +2 cloak (worn)
 t - a +2 hat (worn)
Jewellery
 g - a ring of fire
 l - an amulet of the acrobat (around neck)
 A - a ring of fire
 H - an amulet of magic regeneration
Wands
 v - a wand of mindburst (22)
Scrolls
 c - 2 scrolls of blinking
 e - 3 scrolls of teleportation {unknown}
 f - a scroll of identify
 i - a scroll of brand weapon {unknown}
 k - a scroll of enchant weapon {unknown}
 s - 2 scrolls of silence {unknown}
 y - a scroll of immolation {unknown}
 z - 2 scrolls of fear {unknown}
 B - a scroll of noise {unknown}
 E - a scroll of fog {unknown}
 F - a scroll of amnesia {unknown}
Potions
 j - a potion of attraction
 m - 2 potions of curing
 o - 2 potions of cancellation
 q - 2 potions of mutation
 u - 3 potions of degeneration
 x - a potion of might
 C - a potion of flight
 D - a potion of brilliance
 I - a potion of lignification {unknown}
 J - a potion of resistance {unknown}
 K - a potion of heal wounds {unknown}


   Skills:
 + Level 5.5 Fighting
 * Level 9.9 Maces & Flails
 - Level 1.0 Throwing
 - Level 3.0 Dodging
 - Level 3.0 Spellcasting
 - Level 3.0 Translocations


You had 4 spell levels left.
You knew the following spells:

 Your Spells              Type           Power      Damage    Failure   Level
b - Blink                 Tloc           26%        N/A       7%          2
t - Teleport Other        Tloc           13%        N/A       14%         3
M - Manifold Assault      Tloc           13%        N/A       78%         5

Your spell library contained the following spells:

 Spells                   Type           Power      Damage    Failure   Level
 Apportation              Tloc           26%        N/A       4%          1
 Gell's Gravitas          Tloc           13%        N/A       14%         3
 Lesser Beckoning         Tloc           13%        N/A       14%         3
 Animate Skeleton         Necr           4%         N/A       16%         1
 Summon Small Mammal      Summ           8%         N/A       16%         1


Dungeon Overview and Level Annotations

Branches:
Dungeon (7/15)             Temple (1/1) D:4

Altars:
Ashenzari
Cheibriados
Dithmenos
Elyvilon
Fedhas
Gozag
Hepliaklqana
Kikubaaqudgha
Makhleb
Nemelex Xobeh
Okawaru
Qazlal
Ru
Sif Muna
Trog
Uskayaw
Vehumet
Wu Jian
Xom
Yredelemnul
Zin
The Shining One

Shops:
D:6 :*

Annotations:
D:2 Crazy Yiuf
D:4 2 transporters, thiscave3701365's ghost, amateur MiBe


Innate Abilities, Weirdness & Mutations

You are too large for most types of armour.
You have tough skin. (AC +1)


Message History

Done exploring.
Setting a skill training target for Maces & Flails at 22.0.
Done exploring.
Unknown command.
There is a stone staircase leading down here.
You climb downwards.
The bullfrog croaks.
You hear a shout! x2
Found a dagger.
Found a stone staircase leading down.
There is a stone staircase leading up here.
The gargoyle barely misses you.
You climb upwards.
There is a stone staircase leading down here.
a - a +0 giant spiked club (weapon)
You closely miss the gargoyle. The gargoyle barely misses you.
You hit the gargoyle but do no damage.
The gargoyle hurls a stone arrow at you.
The stone arrow misses you.
The gargoyle hurls a stone arrow at you.
The stone arrow hits you.
You hit the gargoyle but do no damage.
The gargoyle hurls a stone arrow at you.
The stone arrow hits you!
You barely miss the gargoyle.
The gargoyle hits you with a +0 morningstar!
You hit the gargoyle but do no damage.
The gargoyle hits you with a +0 morningstar!
The gargoyle misses you.
You bludgeon the gargoyle!!
The gargoyle is almost destroyed.
The gargoyle hits you with a +0 morningstar.
You hit the gargoyle but do no damage.
The gargoyle is almost destroyed.
The gargoyle hits you with a +0 morningstar!!
* * * LOW HITPOINT WARNING * * *
You barely miss the gargoyle.
The gargoyle is almost destroyed.
The gargoyle hurls a stone arrow at you.
The stone arrow hits you!!
You die...
Your body crumbles into a pile of gold.

..#.#......................#
.##.#.....#...............###
.##.#####.#...#..<..........#
.##.# #.#...............#.#
....# #...............#.#.#
##### #...................#
#.#...........#.#.###
##.#...#..#..#.#.#.##
#........@..........#
#####.#..###9###....######
#...)[#..# #.# #....# #<#
#.##..#.## #.# #....# #.#
###.....#.####.###...## #.#
#.#..#.##............#####.#
#.#..#.#######.............#
#......#### #####.#.#######
#.#.......#####....#.#


You could see a gargoyle.

Vanquished Creatures
  5 yaks
  A sky beast (D:6)
  A black bear (D:4)
  An ogre (D:6)
  3 scorpions
  5 wights (D:5)
  A howler monkey (D:5)
  A gnoll shaman (D:6)
  An orc priest (D:4)
  A hound (D:6)
  A jelly (D:6)
  Terence (D:3)
  5 orc wizards
  4 gnolls (D:6)
  6 adders
  A white imp (D:3)
  An ufetubus (D:5)
  2 worms
  A dart slug (D:2)
  9 orcs
  14 endoplasms
  5 giant cockroaches
  5 goblins
  3 hobgoblins
  6 jackals
  6 kobolds
  2 quokkas
  5 ball pythons
  2 frilled lizards
  3 rats
102 creatures vanquished.

Vanquished Creatures (others)
  A plant (D:3)
1 creature vanquished.

Grand Total: 103 creatures vanquished

Notes
Turn   | Place    | Note
-------+----------+-------------------------------------------
     0 | D:1      | avis the Ogre Warper began the quest for the Orb.
     0 | D:1      | Reached XP level 1. HP: 22/22 MP: 3/3
   533 | D:1      | Reached XP level 2. HP: 28/32 MP: 5/5
  1594 | D:2      | Reached XP level 3. HP: 26/40 MP: 6/6
  1876 | D:2      | Reached skill level 5 in Fighting
  2365 | D:2      | Reached XP level 4. HP: 50/50 MP: 7/7
  2520 | D:2      | Found a runed translucent door.
  2521 | D:2      | Noticed Crazy Yiuf
  2971 | D:2      | Found a faded altar of an unknown god.
  3237 | D:2      | Identified the +7 mace "Newtbane" {vorpal, rPois rCorr
                  | Int-5 Stlth+}
  3242 | D:2      | Learned a level 2 spell: Blink
  3299 | D:3      | Reached skill level 2 in Maces & Flails
  3581 | D:3      | Noticed Terence
  3591 | D:3      | Killed Terence
  3708 | D:3      | Reached XP level 5. HP: 57/57 MP: 8/8
  3783 | D:3      | Reached skill level 3 in Maces & Flails
  3796 | D:3      | You fall into a shaft and drop 1 floor!
  4095 | D:4      | Reached skill level 4 in Maces & Flails
  4199 | D:4      | Found a snail-covered altar of Cheibriados.
  4248 | D:4      | Found a transporter.
  4278 | D:4      | Reached XP level 6. HP: 66/66 MP: 9/9
  4302 | D:4      | Found a transporter.
  4302 | D:4      | Noticed thiscave3701365's ghost (amateur MiBe)
  4385 | D:4      | Noticed a black bear
  4397 | D:4      | Killed a black bear
  5146 | D:4      | Found a staircase to the Ecumenical Temple.
  5151 | D:4      | Learned a level 3 spell: Teleport Other
  5336 | Temple   | Entered the Ecumenical Temple
  5547 | Temple   | Became a worshipper of Gozag Ym Sagoz the Greedy
  5681 | D:5      | Entered Level 5 of the Dungeon
  5730 | D:5      | Reached skill level 5 in Maces & Flails
  5950 | D:5      | Reached XP level 7. HP: 71/72 MP: 10/10
  6301 | D:5      | Reached skill level 6 in Maces & Flails
  6652 | D:6      | Found Jybrypt's Lightly-Used Armoury.
  6657 | D:6      | Noticed a yak
  6777 | D:6      | Noticed a yak
  6777 | D:6      | Noticed a yak
  6778 | D:6      | Noticed a yak
  6779 | D:6      | Noticed a yak
  6783 | D:5      | Killed a yak
  6784 | D:5      | Reached skill level 7 in Maces & Flails
  6784 | D:5      | Reached XP level 8. HP: 62/80 MP: 10/12
  6790 | D:5      | Learned a level 5 spell: Manifold Assault
  7064 | D:3      | Killed a yak
  7248 | D:4      | Killed a yak
  7249 | D:4      | Reached skill level 8 in Maces & Flails
  7335 | D:6      | Killed a yak
  7339 | D:6      | Killed a yak
  7340 | D:6      | Reached skill level 9 in Maces & Flails
  7860 | D:6      | Found Hegho's Book Emporium.
  7882 | D:6      | Upgraded the game from 0.29-a0-384-g6960b1960d to
                  | 0.29-a0-392-g297d3b089c
  8124 | D:6      | Reached XP level 9. HP: 88/88 MP: 13/13
  9011 | D:7      | Noticed a gargoyle
  9022 | D:6      | Killed from afar by a gargoyle

Illustrated notes

Levels and vault maps discovered:
D:1:      minmay_arrival_plants_in_alcoves, layout_basic
D:2:      layout_loops_corners, shapermc_ecumenical_altar_petra,
          uniq_crazy_yiuf_cottage
D:3:      layout_loops_ring, serial_bayou_ford_a, uniq_terence
D:4:      layout_loops_ring, pf_just_have_faith, temple_doors_ab,
          gammafunk_ghost_mausoleum, minmay_hedge_maze, minmay_misc_feat_plants,
          st_stairs_3
D:5:      layout_cave_pools
D:6:      layout_basic, serial_shops, nicolae_shop_waterfront,
          minmay_shop_damaged, minmay_puff
D:7:      layout_rooms, serial_shops, shop, chequers_serial_rivers_large_a,
          minmay_misc_feat_diagonals, nicolae_shop_overcharged_wands
Temple:   mainiacjoe_temple_starburst

Skill      XL: |  1  2  3  4  5  6  7  8 |
---------------+-------------------------+-----
Fighting       | 3 4 5 |  5.5
Dodging        | 3 |  3.0
Maces & Flails | 2 4 5 7 9 |  9.9
Translocations | 3 |  3.0
Spellcasting   | 3 |  3.0
Throwing       | |  1.0

Action                   |  1- 3 |  4- 6 |  7- 9 || total
-------------------------+-------+-------+-------++-------
Melee: Mace              |   114 |   113 |    76 ||   303
       Punch             |       |     1 |     2 ||     3
       Giant spiked club |       |       |    61 ||    61
 Fire: Hand crossbow     |       |    51 |       ||    51
       Arbalest          |       |     3 |    12 ||    15
 Cast: Blink             |       |       |     2 ||     2
Evoke: Wand              |       |       |     2 ||     2
  Use: Scroll            |       |     5 |     3 ||     8
       Potion            |       |       |     1 ||     1
Armor: Robe              |    31 |    62 |    57 ||   150
Dodge: Dodged            |    46 |    73 |    82 ||   201

Table legend: (Time is in decaauts)
 A = Elapsed time spent in this place.
 B = Non-inter-level travel time spent in this place.
 C = Inter-level travel time spent in this place.
 D = Time resting spent in this place.
 E = Time spent auto-exploring this place.
 F = Levels seen in this place.
 G = Mean time per level.
                   A        B        C        D        E       F      G
               +--------+--------+--------+--------+--------+-----+--------+
         Total |   9138 |   8492 |    646 |   3289 |   3349 |   8 | 1142.2 |
       Dungeon |   8853 |   8260 |    593 |   3289 |   3180 |   7 | 1264.7 |
        Temple |    284 |    231 |     53 |      0 |    169 |   1 |  284.0 |
               +--------+--------+--------+--------+--------+-----+--------+

Top non-repeatable levels by time:
     D:2: 2134 daAuts
     D:4: 1552 daAuts
     D:6: 1430 daAuts
     D:5: 1403 daAuts
     D:1: 1282 daAuts
     D:3: 1049 daAuts
  Temple: 284 daAuts
     D:7: 1 daAuts
